 Dungeon Crawl Stone Soup version 0.13.1-28-g3517093 (console) character file.

453 WrathOfTrog the Chopper (level 6, 0/52 HPs)
             Began as a Centaur Berserker on Mar 21, 2014.
             Was a Believer of Trog.
             Slain by a shop mimic (9 damage)
             ... on Level 7 of the Dungeon.
             The game lasted 00:04:14 (812 turns).

WrathOfTrog the Chopper (Centaur Berserker)          Turns: 812, Time: 00:04:14

HP   0/52        AC  9     Str 20      XL: 6   Next: 36%
MP   4/4         EV  9     Int  8      God: Trog [**....]
Gold 98          SH  0     Dex  8      Spells:  0 memorised,  5 levels left

Res.Fire  : . . .   See Invis. : .   n - -1,+0 orc battleaxe
Res.Cold  : . . .   Warding    : .   o - +2 orc robe {rN+}
Life Prot.: + . .   Conserve   : .   (no shield)
Res.Poison: .       Res.Corr.  : .   (no helmet)
Res.Elec. : .       Clarity    : .   (no cloak)
Sust.Abil.: . .     Spirit.Shd : .   k - +2 pair of orc gloves
Res.Mut.  : .       Stasis     : .   (no barding)
Res.Rott. : .       Flight     : .   (no amulet)
Saprovore : . . .                    (no ring)
                                     (no ring)

@: mildly poisoned, held, very quick, slightly resistant to hostile
enchantments, extremely unstealthy
A: hooves 3, deformed body, herbivore 1, speed 2, fast metabolism 1, tough skin
3
a: Burn Spellbooks, Berserk, Trog's Hand, Renounce Religion


You were on level 7 of the Dungeon.
You worshipped Trog.
Trog was pleased with you.
You were starving.

You visited 2 branches of the dungeon, and saw 8 of its levels.

You collected 78 gold pieces.

Inventory:

Hand weapons
 a - a cursed +0,+0 hand axe {=f}
 n - a -1,+0 orcish battleaxe (weapon)
Armour
 b - a +0 animal skin
 k - a +2 pair of orcish gloves (worn)
 o - a +2 orcish robe of positive energy (worn)
Magical devices
 m - a wand of digging (19) {unknown}
Comestibles
 c - 3 bread rations
 f - a choko
 g - an apple
Scrolls
 d - a scroll of remove curse {unknown}
 e - 2 scrolls of amnesia {unknown}
 h - a scroll of random uselessness {unknown}
 i - a scroll of identify {unknown}
 q - a scroll of teleportation {unknown}
Potions
 j - a potion of confusion {unknown}
 l - a potion of agility {unknown}
 p - a potion of curing {unknown}
 r - a potion of mutation {unknown}


   Skills:
 - Level 3.0 Fighting
 + Level 6.6 Axes
 - Level 1.3 Armour
 - Level 1.3 Dodging


You had 5 spell levels left.
You didn't know any spells.

Dungeon Overview and Level Annotations

Branches:
Dungeon (7/27)             Temple (1/1) D:5
    Orc: D:6-11

Altars:
Ashenzari
Cheibriados
Elyvilon
Fedhas
Kikubaaqudgha
Makhleb
Nemelex Xobeh
Okawaru
Sif Muna
Trog
Vehumet
Xom
Yredelemnul
Zin
the Shining One


Innate Abilities, Weirdness & Mutations

You have hooves in place of feet.
Armour fits poorly on your strangely shaped body.
You digest meat inefficiently.
You cover ground very quickly.
You have a fast metabolism.
You have extremely tough skin (AC +3).


Message History

You hit the shop mimic but do no damage.
You kick the shop mimic.
The shop mimic is severely damaged.
The shop mimic barely misses you. The shop mimic hits you.
* * * LOW HITPOINT WARNING * * *
You are poisoned.
The shop mimic poisons you!
You hit the shop mimic.
The shop mimic is severely damaged.
The shop mimic hits you.
* * * LOW HITPOINT WARNING * * *
The shop mimic hits you but does no damage.
The shop mimic hits you.
* * * LOW HITPOINT WARNING * * *
The shop mimic completely misses you.
You hit the shop mimic but do no damage.
You kick the shop mimic, but do no damage.
The shop mimic is severely damaged.
The shop mimic hits you!
You die...

. ..# ....## #.....
#.....## #....##
#....# #∩@.## #
#....## .. ##....##
.... ######.....#
##...#
###....###...##.....#
#<.....#[.<...#....#
#...<..))..........#
#....#......#.....###
....>...##...####...##


You could see a shop mimic.

Vanquished Creatures
  Menkaure (D:6)
  Blork the orc (D:7)
  3 orc priests
  A giant frog skeleton (D:6)
  3 adders
  6 orcs
  A ball python (D:2)
  A giant cockroach (D:2)
  2 goblins
  5 hobgoblins
  4 kobolds
  5 bats
  2 giant newts
  2 rats
37 creatures vanquished.

Notes
Turn   | Place    | Note
--------------------------------------------------------------
     0 | D:1      | WrathOfTrog, the Centaur Berserker, began the quest for the Orb.
     0 | D:1      | Reached XP level 1. HP: 19/19 MP: 0/0
   141 | D:1      | Reached XP level 2. HP: 24/26 MP: 1/1
   200 | D:2      | Acquired Trog's second power
   299 | D:2      | Found a sparkling altar of Nemelex Xobeh.
   317 | D:2      | Reached XP level 3. HP: 12/33 MP: 2/2
   362 | D:2      | Reached skill level 4 in Axes
   373 | D:2      | Found a glowing golden altar of the Shining One.
   377 | D:2      | Found a radiant altar of Vehumet.
   378 | D:2      | Found a shimmering altar of Xom.
   483 | D:4      | Reached XP level 4. HP: 35/39 MP: 2/2
   538 | D:5      | Entered Level 5 of the Dungeon
   578 | D:6      | Reached skill level 5 in Axes
   591 | D:7      | Noticed Blork the orc
   592 | D:7      | Reached XP level 5. HP: 31/45 MP: 3/3
   598 | D:7      | Killed Blork the orc
   598 | D:7      | Reached skill level 6 in Axes
   641 | D:6      | Noticed Menkaure
   643 | D:6      | Killed Menkaure
   643 | D:6      | Reached XP level 6. HP: 29/52 MP: 4/4
   675 | D:5      | Found a staircase to the Ecumenical Temple.
   681 | D:4      | Noticed a phantom
   689 | Temple   | Entered the Ecumenical Temple
   790 | D:7      | Found Igiegh's Assorted Antiques.
   805 | D:7      | Igiegh's Assorted Antiques was a mimic.
   812 | D:7      | Slain by a shop mimic

Action                   |  1- 3 |  4- 6 || total
-------------------------+-------+-------++-------
Melee: Hand axe          |    58 |    29 ||    87
       Battleaxe         |       |     9 ||     9
Invok: Berserk           |     3 |     2 ||     5
       Trog's Hand       |     1 |       ||     1
